 Dungeon Crawl Stone Soup version 0.27.0-1-g7a089689b8 (webtiles) character file.

Game seed: 6828106676184983014

497 ZARRMARR the Ruffian (level 6, 0/57 HPs)
             Began as a Troll Warper on Aug 5, 2021.
             Was an Initiate of Ashenzari.
             Slain by a bullfrog (2 damage)
             ... in a sewer.
             The game lasted 00:25:55 (3776 turns).

ZARRMARR the Ruffian (Troll Warper)                 Turns: 3776, Time: 00:25:55

Health: 0/57       AC:  5    Str: 20    XL:     6   Next: 93%
Magic:  9/16       EV: 10    Int: 17    God:    Ashenzari [......]
Gold:   98         SH:  0    Dex:  9    Spells: 5/7 levels left

rFire    . . .     SeeInvis .     - Unarmed
rCold    . . .     Faith    .   (no shield)
rNeg     . . .     Spirit   .   a - +0 robe
rPois    .         Reflect  .   (helmet restricted)
rElec    .         Harm     .   r - +0 cloak
rCorr    .         Rampage  .   (gloves unavailable)
Will     .....                  (boots unavailable)
Stlth    +.........             g - amulet of magic regeneration
HPRegen  1.19/turn              k - ring of magical power
MPRegen  0.40/turn              s - ring "Prescient Vision" {Int+6, Melee, Cun} (curse)

@: very slow
A: large, unfitting armour, claws 3, regeneration 1, shaggy fur 1, tough skin 1
a: Renounce Religion, Shatter the Chains


You were in a sewer.
You worshipped Ashenzari.
Ashenzari was noncommittal.
You visited 2 branches of the dungeon, and saw 6 of its levels.
You also visited: Sewer.

You collected 122 gold pieces.
You spent 24 gold pieces at shops.

Inventory:

Missiles
 c - 3 boomerangs of dispersal
 e - 116 stones (quivered)
 j - 29 poisoned darts
Armour
 a - a +0 robe (worn)
 f - a +0 kite shield
 r - a +0 cloak (worn)
Jewellery
 g - an amulet of magic regeneration (around neck)
 k - a ring of magical power (left claw)
 s - the cursed ring "Prescient Vision" (right claw) {Int+6, Melee, Cun}
   (You found it on level 4 of the Dungeon)

   [ring of intelligence]

   Int:       It affects your intelligence (+6).
   It has a curse which improves the following skills: Melee Combat: Short
   Blades, Long Blades, Axes, Maces & Flails, Polearms, Staves and Unarmed
   Combat.
   Cunning:   Dodging and Stealth.
Scrolls
 d - a scroll of amnesia
 l - a scroll of teleportation
 n - a scroll of noise
 q - a scroll of enchant armour
 t - a scroll of summoning
 u - a scroll of fog
 v - a scroll of fear
Potions
 b - 2 potions of heal wounds
 h - a potion of magic
 i - a potion of brilliance
 m - a potion of attraction
 o - 2 potions of resistance
 p - a potion of mutation


   Skills:
 + Level 2.1 Fighting
 + Level 3.2 Throwing
 + Level 2.9(3.4) Dodging
 + Level 0.3(0.4) Stealth
 + Level 4.5(5.0) Unarmed Combat
 + Level 1.4 Spellcasting
 + Level 3.1 Translocations


You had 5 spell levels left.
You knew the following spells:

 Your Spells              Type           Power      Damage    Failure   Level
a - Blink                 Tloc           N/A        N/A       9%          2

Your spell library contained the following spells:

 Spells                   Type           Power      Damage    Failure   Level
 Gell's Gravitas          Tloc           5%         N/A       17%         3
 Lesser Beckoning         Tloc           5%         N/A       17%         3
 Teleport Other           Tloc           11%        N/A       17%         3
 Animate Skeleton         Necr           2%         N/A       21%         1
 Pain                     Necr           4%         1d4       21%         1
 Vampiric Draining        Necr           0%         2d6       52%         3
 Manifold Assault         Tloc           11%        N/A       85%         5


Dungeon Overview and Level Annotations

Branches:
Dungeon (5/15)             Temple (1/1) D:4           Sewer (1/1)

Altars:
Ashenzari
Cheibriados
Gozag
Vehumet

Shops:
D:2 *


Innate Abilities, Weirdness & Mutations

You are too large for most types of armour.
You have claws for hands.
Your natural rate of healing is unusually fast.
You are covered in fur. (AC +1)
You have tough skin. (AC +1)


Message History

Confirm with . or Enter, or press ? or * to list all spells.
You blink.
Splash!
You fall into the shallow water.
Moving in this stuff is going to be slow.
The bullfrog hits you.
* * * LOW HITPOINT WARNING * * *
The ball python barely misses you. The bullfrog closely misses you.
Casting: Blink (safe; 9% risk of failure)
Confirm with . or Enter, or press ? or * to list all spells.
You blink.
The bullfrog hits you but does no damage.
The ball python barely misses you.
Unknown command.
Casting: Blink (safe; 9% risk of failure)
Confirm with . or Enter, or press ? or * to list all spells.
You blink.
Splash!
You fall into the shallow water.
Moving in this stuff is going to be slow.
Unknown command.
Casting: Blink (safe; 9% risk of failure)
Confirm with . or Enter, or press ? or * to list all spells.
You blink.
Splash!
The bullfrog hits you but does no damage.
The bullfrog hits you.
* * * LOW HITPOINT WARNING * * *
You scratch the bullfrog.
The bullfrog is moderately wounded.
The bullfrog hits you.
* * * LOW HITPOINT WARNING * * *
The ball python bites you.
* * * LOW HITPOINT WARNING * * *
Casting: Blink (safe; 9% risk of failure)
Confirm with . or Enter, or press ? or * to list all spells.
You blink.
Splash!
The bullfrog hits you.
You die...

###################
###.#≈≈≈≈≈≈≈≈≈≈≈≈≈≈≈#.
##....≈≈≈≈≈≈≈.†≈≈≈≈≈J≈.
#....≈@F≈l≈≈#≈≈#≈≈≈≈≈≈.
#.....≈S§≈≈≈≈≈≈≈≈≈≈≈≈..
##.....≈≈≈≈≈≈≈≈≈≈≈≈≈≈≈≈.
#......≈≈≈≈≈≈≈≈≈≈≈≈≈≈≈#.
#....##################
##...#### #....#..#
#....'..# #...#####


You could see a bullfrog, a ball python and a frilled lizard.

Vanquished Creatures
  An ice beast (D:4)
  A bullfrog (Sewer)
  A hound (D:3)
  An orc wizard (D:4)
  3 gnolls (D:3)
  A howler monkey skeleton (D:4)
  A river rat (Sewer)
  11 adders
  3 dart slugs
  4 orcs
  5 bats
  10 endoplasms
  8 giant cockroaches
  5 goblins (D:2)
  8 hobgoblins
  4 jackals (D:2)
  13 kobolds
  2 quokkas
  19 ball pythons
  9 frilled lizards
  A quokka skeleton (D:4)
  36 rats
147 creatures vanquished.

Notes
Turn   | Place    | Note
-------+----------+-------------------------------------------
     0 | D:1      | ZARRMARR the Troll Warper began the quest for the Orb.
     0 | D:1      | Reached XP level 1. HP: 19/19 MP: 1/1
    74 | D:1      | Reached XP level 2. HP: 28/28 MP: 2/2
   275 | D:1      | Learned a level 2 spell: Blink
   428 | D:1      | Found a faded altar of an unknown god.
   589 | D:1      | Reached XP level 3. HP: 35/35 MP: 4/4
   986 | D:2      | Found Founwe's General Store.
  1006 | D:2      | Bought a scroll of identify for 24 gold pieces
  1189 | D:2      | Reached XP level 4. HP: 42/42 MP: 5/5
  1266 | D:2      | Reached skill level 1 in Throwing
  1318 | D:2      | Reached skill level 3 in Unarmed Combat
  1790 | D:3      | Reached XP level 5. HP: 36/49 MP: 6/6
  1803 | D:3      | HP: 2/49 [gnoll (8)]
  2483 | D:4      | Noticed an ice beast
  2500 | D:4      | Killed an ice beast
  2501 | D:4      | Reached skill level 4 in Unarmed Combat
  2501 | D:4      | Reached XP level 6. HP: 30/57 MP: 7/7
  2755 | D:4      | Found a staircase to the Ecumenical Temple.
  2760 | Temple   | Entered the Ecumenical Temple
  2773 | Temple   | Became a worshipper of Ashenzari the Shackled
  2881 | D:4      | Found an opulent altar of Gozag.
  3263 | D:5      | Entered Level 5 of the Dungeon
  3303 | D:5      | Found a glowing drain.
  3316 | D:5      | Noticed a water moccasin
  3331 | Sewer    | Entered a sewer
  3770 | Sewer    | HP: 2/57 [bullfrog (3)]
  3775 | Sewer    | HP: 2/57 [bullfrog (5)]
  3776 | Sewer    | Slain by a bullfrog

Illustrated notes

Levels and vault maps discovered:
D:1:      minmay_arrival_jagged, layout_basic,
          hellmonk_ecumenical_altar_heavens_door
D:2:      minmay_recursive_quarters, layout_basic, serial_shops,
          nicolae_lakefront_shop
D:3:      layout_basic
D:4:      layout_rooms, overflow_temple_1_default, temple_doors_e
D:5:      layout_loops_corners, chequers_temple_overflow_minitemple,
          portal_sewer_entry_a
Temple:   jpeg_temple_clearing
Sewer:    sewer_minmay_w

Skill      XL: |  1  2  3  4  5  6 |
---------------+-------------------+-----
Dodging        | 2 |  2.9
Throwing       | 1 2 3 |  3.2
Unarmed Combat | 3 4 |  4.5
Fighting       | 2 |  2.1
Translocations | 3 |  3.1
Stealth        | |  0.3
Spellcasting   | |  1.4

Action                   |  1- 3 |  4- 6 || total
-------------------------+-------+-------++-------
Melee: Unarmed           |   110 |   218 ||   328
       Punch             |     1 |     4 ||     5
Throw: Stone             |    21 |   145 ||   166
       Dart              |       |    38 ||    38
       Boomerang         |       |     2 ||     2
 Cast: Blink             |       |     9 ||     9
Invok: Curse Item        |       |     1 ||     1
  Use: Scroll            |     2 |     4 ||     6
       Potion            |       |     1 ||     1
Armor: Robe              |    35 |    89 ||   124
Dodge: Dodged            |    56 |   155 ||   211
